 Dungeon Crawl Stone Soup version 0.23-a0-729-g94ec0301e6 (webtiles) character file.

29 Roran the Changer (level 3, -1/31 HPs)
             Began as a Naga Transmuter on Jan 17, 2019.
             Slain by a quokka (3 damage)
             ... on level 2 of the Dungeon.
             The game lasted 00:03:55 (1426 turns).

Roran the Changer (Naga Transmuter)                 Turns: 1426, Time: 00:03:56

Health: -1/31      AC:  2    Str: 13    XL:     3   Next: 16%
Magic:  4/6        EV: 10    Int: 13    God:
Gold:   51         SH:  0    Dex: 11    Spells: 3/6 levels left

rFire    + . .     SeeInvis +     - Unarmed
rCold    x . .     Gourm    .   (no shield)
rNeg     . . .     Faith    .   b - +0 robe
rPois    +         Spirit   .   (no helmet)
rElec    .         Reflect  .   (no cloak)
rCorr    .         Harm     .   (no gloves)
MR       .....                  (no barding)
Stlth    ++........             g - amulet of inaccuracy (curse)
HPRegen  0.10/turn              i - ring of fire
MPRegen  0.10/turn              (no ring)

@: appendage (expiring), very slow
A: large, horns 2, see invisible, deformed body, poison resistance, slowness 2,
slow metabolism 1, spit poison 1, AC +1
a: Spit Poison, End Transformation


You were on level 2 of the Dungeon.
You were very hungry.
You had grown temporary horns.
You visited 1 branch of the dungeon, and saw 2 of its levels.

You collected 51 gold pieces.

Inventory:

Missiles
 a - 55 arrows
Armour
 b - a +0 robe (worn)
Jewellery
 g - a cursed amulet of inaccuracy (around neck)
 i - a ring of fire (left hand)
Potions
 c - a potion of invisibility {unknown}
 e - a potion of agility {unknown}
 f - a potion of berserk rage {unknown}
 h - a potion of mutation {unknown}
Comestibles
 d - 5 rations


   Skills:
 - Level 1.0 Fighting
 - Level 1.5 Dodging
 + Level 2.3 Stealth
 - Level 3.0 Unarmed Combat
 - Level 2.0 Spellcasting
 * Level 3.1 Transmutations


You had 3 spell levels left.
You knew the following spells:

 Your Spells              Type           Power        Failure   Level  Hunger
a - Beastly Appendage     Tmut           #.....       7%          1    ##.....
b - Sticks to Snakes      Tmut           #.......     11%         2    ###....

Your spell library contained the following spells:

 Spells                   Type           Power        Failure   Level  Hunger
 Spider Form              Tmut/Pois      #.........   38%         3    ####...
 Ice Form                 Ice/Tmut       #.......     80%         4    #####..
 Blade Hands              Tmut           #.........   89%         5    ######.


Dungeon Overview and Level Annotations

Branches:
Dungeon (2/15)

Altars:


Innate Abilities, Weirdness & Mutations

You cannot wear boots.
Your serpentine skin is tough. (AC +1)
You have supernaturally acute eyesight. (SInv)
Armour fits poorly on your strangely shaped body.
Your system is resistant to poisons. (rPois)
You cover ground very slowly.
You have a slow metabolism.
You can spit poison.
You have a pair of horns on your head.


Message History

You hit the quokka but do no damage. The bat hits you but does no damage.
The quokka barely misses you.
You closely miss the quokka. The bat hits you but does no damage. x2
The quokka bites you.
* * * LOW HITPOINT WARNING * * *
You miss the quokka.
Your transformation is almost over.
You have got your breath back.
The bat hits you but does no damage. The quokka barely misses you.
You miss the quokka. The bat barely misses you. The quokka bites you.
* * * LOW HITPOINT WARNING * * *
You miss the quokka. The bat hits you but does no damage.
The quokka closely misses you. The quokka bites you.
* * * LOW HITPOINT WARNING * * *
Casting: Beastly Appendage (safe; 7% risk of failure)
Confirm with . or Enter, or press ? or * to list all spells.
You create a snake!
You now have 55 arrows.
The bat barely misses you. The quokka barely misses you.
The bat hits you but does no damage. The quokka bites you.
You die...

#........
#......?.
#........ #.
#........ #.
#........
#.####...?....
###.............
.....<...r......
###...b@#######
#....S# #.....#
#.....# #.....#
#.<...# #.....#
##+####


You could see a quokka, a bat and a friendly ball python.

Vanquished Creatures
  2 dart slugs (D:1)
  2 goblins (D:1)
  4 hobgoblins (D:1)
  3 jackals (D:1)
  3 kobolds (D:1)
  5 bats (D:1)
  3 frilled lizards (D:1)
22 creatures vanquished.

Notes
Turn   | Place    | Note
-------+----------+-------------------------------------------
     0 | D:1      | Roran the Naga Transmuter began the quest for the Orb.
     0 | D:1      | Reached XP level 1. HP: 18/18 MP: 3/3
   232 | D:1      | Reached skill level 1 in Stealth
   260 | D:1      | Reached XP level 2. HP: 18/25 MP: 5/5
   874 | D:1      | Learned a level 2 spell: Sticks to Snakes
   879 | D:1      | Reached XP level 3. HP: 26/31 MP: 1/6
  1426 | D:2      | Slain by a quokka

Vault maps used:
D:1:      shiori_arrival_oz, minmay_misc_feat_hallway, hex_medium
D:2:      evilmike_ruin_ashenzari, corexii_hall_statues_s

Skill      XL: |  1  2 |
---------------+-------+-----
Stealth        | 1 2 |  2.3
Transmutations | 3 |  3.1
Fighting       | |  1.0
Dodging        | |  1.5
Unarmed Combat | |  3.0
Spellcasting   | |  2.0

Action                   || total
-------------------------++-------
Melee: Unarmed           ||    75
       Punch             ||     1
       Headbutt          ||     1
 Cast: Beastly Appendage ||     6
       Sticks to Snakes  ||     2
 Abil: Spit Poison       ||    19
  Use: Scroll            ||     3
 Stab: Sleeping          ||     1
  Eat: Chunk             ||     1
Armor: Robe              ||    36
Dodge: Dodged            ||    74

Table legend:
 A = Non-vault XP
 B = Vault XP
 C = Vault XP percentage of total XP
 D = Non-vault monster count
 E = Vault monster count
 F = Vault count percentage of total count
                 A         B        C        D         E       F
            +---------+---------+-------+---------+---------+-------
      Total |      40 |       2 |   4.8 |      21 |       1 |   4.5
            +---------+---------+-------+---------+---------+-------
        D:1 |      40 |       2 |   4.8 |      21 |       1 |   4.5
            +---------+---------+-------+---------+---------+-------
